[Event "Titled Tuesday Blitz February 07 Early 2023"]
[White "Dimitrov, Atanas"]
[Black "Lorenzo De La Riva, Lazaro"]
[WhiteFideId "2901315"]
[BlackFideId "2268809"]
[WhiteElo "2269"]
[BlackElo "2404"]
[Result "1-0"]
[Round "04"]
[TimeControl "180+2"]
[Date "2023.02.07"]
[WhiteClock "0:00:23"]
[BlackClock "0:00:03"]

1. e4 c5 2. Nc3 Nc6 3. Nf3 d6 4. d4 cxd4 5. Nxd4 e5 6. Nde2 Nf6 7. g3 Be7 8. Bg2 Be6 9. O-O O-O 10. h3 a6 11. Nd5 h6 12. Be3 Bxd5 13. exd5 Nb8 14. c4 a5 15. Nc3 Na6 16. Qb3 Nc5 17. Bxc5 dxc5 18. Nb5 a4 19. Qe3 Bd6 20. b3 Re8 21. Rfd1 b6 22. Rab1 axb3 23. axb3 e4 24. Ra1 Qd7 25. b4 Rec8 26. Rxa8 Rxa8 27. bxc5 Bxc5 28. Qc3 Ra2 29. Rd2 Ra4 30. Kh2 h5 31. Qc2 Ra5 32. Bxe4 h4 33. Bf5 Qe7 34. Re2 Qd8 35. Qd3 hxg3+ 36. fxg3 Ra1 37. Qf3 g6 38. Bd3 Kg7 39. Nc3 Qd6 40. Rg2 Qd7 41. Ne4 Nxe4 42. Bxe4 Bd6 43. Qc3+ f6 44. Qxa1 Be5 45. Qa6 Qd6 46. Qb7+ Kh6 47. Qf7 b5 48. Qxg6# 1-0


[Site "https://www.chess.com"]

[Event "Titled Tuesday Blitz February 07 Early 2023"]
[White "Kononenko, Dmitry"]
[Black "Sowul, Bartosz"]
[WhiteFideId "14113538"]
[BlackFideId "1137590"]
[WhiteElo "2256"]
[BlackElo "2269"]
[Result "1/2-1/2"]
[Round "04"]
[TimeControl "180+2"]
[Date "2023.02.07"]
[WhiteClock "0:00:11"]
[BlackClock "0:00:08"]

1. e4 c5 2. Nf3 d6 3. d4 cxd4 4. Nxd4 Nf6 5. Nc3 Nc6 6. Bc4 e6 7. Bb3 a6 8. O-O Na5 9. f4 Qc7 10. Kh1 b5 11. f5 Nxb3 12. axb3 b4 13. Na4 e5 14. Ne2 Nxe4 15. c3 Be7 16. Be3 Bb7 17. Nb6 Rb8 18. Nd5 Qc6 19. c4 Nf6 20. Ng3 h5 21. Nxf6+ gxf6 22. Rf2 h4 23. Ne2 h3 24. Kg1 Qe4 25. Qd2 hxg2 26. Ng3 Qh4 27. Rxg2 Qh3 28. Qf2 Bxg2 29. Qxg2 Qxg2+ 30. Kxg2 Kd7 31. Bg1 Ra8 32. Ne4 Bd8 33. Rd1 Be7 34. Bc5 Kc6 35. Bxb4 Rh4 36. Nc3 Rg8+ 37. Kh1 e4 38. Nd5 Bd8 39. Bxd6 Rhg4 40. Bg3 Rxg3 41. hxg3 Rxg3 42. b4 Rb3 43. Re1 e3 44. Rxe3 Rxb2 45. Re8 Bb6 46. Rc8+ Kb7 47. Rf8 Bd4 48. Rxf7+ Kc6 49. Rc7+ Kd6 50. Rc8 Be5 51. Rd8+ Kc6 52. c5 Rh2+ 53. Kg1 Rb2 54. Kf1 Bc7 55. Nxc7 Kxc7 56. Rd6 Rxb4 57. Rxf6 a5 58. Ke2 Rc4 59. Ke3 Rxc5 60. Kf4 a4 61. Ra6 Kd7 62. Rxa4 Ke7 63. Ra7+ Kf8 64. Ra6 Kg8 65. Kg5 Kf8 66. Kg6 Rc1 67. f6 Rg1+ 68. Kf5 Rf1+ 69. Ke6 Re1+ 70. Kf5 Rf1+ 71. Ke6 Re1+ 72. Kf5 Rf1+ 1/2-1/2


[Site "https://www.chess.com"]

[Event "Titled Tuesday Blitz February 07 Early 2023"]
[White "Babikov, Ivan"]
[Black "Tillyaev, Ulugbek"]
[WhiteFideId "4161106"]
[BlackFideId "14202441"]
[WhiteElo "2239"]
[BlackElo "2287"]
[Result "0-1"]
[Round "04"]
[TimeControl "180+2"]
[Date "2023.02.07"]
[WhiteClock "0:00:07"]
[BlackClock "0:01:22"]

1. Nf3 c5 2. g3 Nc6 3. Bg2 g6 4. O-O Bg7 5. c3 Nf6 6. d4 cxd4 7. cxd4 d5 8. Nc3 O-O 9. Bf4 Ne4 10. Ne5 Nxe5 11. Bxe5 Nxc3 12. bxc3 Bxe5 13. dxe5 Be6 14. e4 dxe4 15. Bxe4 Qc7 16. Qf3 Rab8 17. Rfe1 Rfc8 18. h4 h5 19. Bd5 Bxd5 20. Qxd5 e6 21. Qb5 Qxc3 22. Rad1 Rc7 23. Re3 Qc2 24. Rd7 a6 25. Rxc7 Qxc7 26. Qb4 Rd8 27. Rb3 b5 28. Re3 Rd1+ 29. Kh2 Qc6 30. Qe4 Qxe4 31. Rxe4 Rd2 32. a4 Rxf2+ 33. Kh3 Rb2 34. axb5 axb5 35. Rd4 Re2 36. Rd8+ Kg7 37. g4 Re3+ 38. Kg2 hxg4 39. Kh2 Rxe5 40. Kh1 Re2 41. Rd3 Rb2 42. Rg3 f5 43. Rd3 b4 44. Rg3 b3 45. Rd3 e5 46. Rg3 e4 47. Rc3 Kf6 48. Rg3 Ke5 49. Rc3 Kf4 50. h5 gxh5 51. Kg1 e3 52. Kh1 Kf3 53. Kg1 g3 54. Rc1 h4 55. Rf1+ Kg4 56. Kh1 g2+ 57. Kg1 gxf1=Q+ 58. Kxf1 Rc2 59. Ke1 b2 60. Kd1 b1=Q# 0-1


[Site "https://www.chess.com"]

[Event "Titled Tuesday Blitz February 07 Early 2023"]
[White "Manukyan, Sargis A."]
[Black "Lucassen, Mickey"]
[WhiteFideId "13303970"]
[BlackFideId "12919110"]
[WhiteElo "2158"]
[BlackElo "2023"]
[Result "1-0"]
[Round "04"]
[TimeControl "180+2"]
[Date "2023.02.07"]
[WhiteClock "0:00:42"]
[BlackClock "0:00:15"]

1. d4 Nf6 2. c4 e6 3. Nc3 Bb4 4. a3 Bxc3+ 5. bxc3 O-O 6. e3 d5 7. cxd5 exd5 8. Bd3 b6 9. Ne2 Bb7 10. O-O Nbd7 11. f3 Re8 12. Ra2 c5 13. g4 Re7 14. Ng3 g6 15. Rg2 Qc7 16. g5 Ne8 17. h4 Nd6 18. h5 cxd4 19. cxd4 Nf8 20. f4 Nc4 21. Qf3 Rae8 22. hxg6 hxg6 23. Re1 Ne6 24. Rh2 Nxd4 25. Qh1 f5 26. gxf6 Rxe3 27. Rh8+ Kf7 28. Qh7+ Kxf6 29. Qxg6+ Ke7 1-0


[Site "https://www.chess.com"]

[Event "Titled Tuesday Blitz February 07 Early 2023"]
[White "Mogirzan, Matei-Valeriu"]
[Black "Megalios, Konstantinos"]
[WhiteFideId "1257455"]
[BlackFideId "4238044"]
[WhiteElo "1813"]
[BlackElo "2372"]
[Result "0-1"]
[Round "04"]
[TimeControl "180+2"]
[Date "2023.02.07"]
[WhiteClock "0:00:06"]
[BlackClock "0:00:27"]

1. e4 c5 2. Nf3 Nc6 3. Bb5 g6 4. d3 Bg7 5. O-O Nf6 6. h3 O-O 7. Bxc6 bxc6 8. Nc3 Ne8 9. Be3 d6 10. Qd2 Rb8 11. b3 Qa5 12. Nd5 Qd8 13. Nc3 e5 14. Bh6 f5 15. Bxg7 Nxg7 16. Qg5 Ne6 17. Qxd8 Rxd8 18. Rfe1 Rf8 19. Ne2 h6 20. Nd2 Ba6 21. c4 Rf7 22. f3 Kg7 23. Kh2 Bc8 24. Nf1 a5 25. Nc3 Nf4 26. g3 Ne6 27. Kg2 Bd7 28. Ne3 Rbf8 29. Rf1 f4 30. Ng4 h5 31. gxf4 Nxf4+ 32. Kg3 hxg4 33. hxg4 Ne2+ 34. Nxe2 Kf6 35. Rf2 Kg5 36. Kg2 Rh8 37. Raf1 Rfh7 38. f4+ exf4 39. Rxf4 Rh2+ 40. Kf3 R8h3+ 41. Ng3 Rd2 42. Ke3 Rg2 43. R1f3 Rgxg3 44. Rf7 Rxf3+ 45. Rxf3 Rxf3+ 46. Kxf3 Bxg4+ 47. Kg3 Be6 48. a3 Kf6 49. Kf4 g5+ 50. Kg3 Ke5 51. Kf3 Kd4 52. b4 cxb4 0-1


[Site "https://www.chess.com"]

[Event "Titled Tuesday Blitz February 07 Early 2023"]
[White "Suder, Jakub"]
[Black "Fernandez Garcia, Gumersindo"]
[WhiteFideId "1195310"]
[BlackFideId "24516740"]
[WhiteElo "2244"]
[BlackElo "2160"]
[Result "1-0"]
[Round "04"]
[TimeControl "180+2"]
[Date "2023.02.07"]
[WhiteClock "0:00:50"]
[BlackClock "0:00:13"]

1. d4 Nf6 2. c4 g6 3. Nc3 Bg7 4. e4 d6 5. Nf3 O-O 6. Be2 Nbd7 7. O-O e5 8. Be3 Re8 9. d5 Nh5 10. g3 Bf8 11. Ne1 Ng7 12. f4 f5 13. exf5 Nxf5 14. Bf2 Bg7 15. Bg4 Nf6 16. Bxf5 Bxf5 17. fxe5 Rxe5 18. Nd3 Re8 19. Nf4 Ng4 20. Bd4 Ne3 21. Bxe3 Rxe3 22. Qd2 Re8 23. Rae1 Qf6 24. Nb5 Rxe1 25. Rxe1 Rc8 26. Ne6 Bxe6 27. Rxe6 Qxb2 28. Qxb2 Bxb2 29. Re7 h5 30. Kg2 a6 31. Nxc7 Bf6 32. Rd7 Rd8 33. Rxd8+ Bxd8 34. Ne6 Bb6 35. Kf3 Kf7 36. h3 Kf6 37. Ke4 Bf2 38. g4 hxg4 39. hxg4 b5 40. cxb5 axb5 41. Nc7 b4 42. Na6 Be1 43. Nc7 Kg5 44. Kf3 Bc3 45. Ne8 Be5 46. Nc7 Bc3 47. Ne6+ Kf6 48. Ke4 Be1 49. g5+ Ke7 50. Nf4 Bd2 51. Nxg6+ Kf7 52. Nf4 Kg7 53. Kf5 Bc1 54. Ne6+ Kf7 55. g6+ Kg8 56. Nd4 Bb2 57. Nc6 Bc3 58. Ke6 Kg7 59. Kxd6 Kxg6 60. Kc5 Kf7 61. Nxb4 Ke7 62. Nd3 Kd7 63. a4 Ba5 64. Ne5+ Kd8 65. Nc6+ Kc7 66. Nxa5 Kd7 67. Nc4 Kc7 68. a5 Kb7 69. d6 Kc8 70. Kc6 Kd8 71. a6 Kc8 72. a7 1-0


[Site "https://www.chess.com"]

[Event "Titled Tuesday Blitz February 07 Early 2023"]
[White "Horobetz, Graham"]
[Black "Skurikhin, Dmitrij"]
[WhiteFideId "2047322"]
[BlackFideId "4161297"]
[WhiteElo "2140"]
[BlackElo "2297"]
[Result "1-0"]
[Round "04"]
[TimeControl "180+2"]
[Date "2023.02.07"]
[WhiteClock "0:00:52"]
[BlackClock "0:00:34"]

1. e4 e5 2. Nf3 Nc6 3. Bb5 Nf6 4. O-O Nxe4 5. Re1 Nd6 6. Nxe5 Nxe5 7. Rxe5+ Be7 8. Bf1 O-O 9. d4 Ne8 10. d5 Bf6 11. Re1 d6 12. Nd2 g6 13. Ne4 Bg7 14. Bg5 Qd7 15. c3 h6 16. Be3 f5 17. Nd2 Nf6 18. Nf3 Qf7 19. Qb3 Kh7 20. Rad1 a5 21. a4 b6 22. Bb5 Bb7 23. c4 Bc8 24. Nd4 Ng4 25. Ne6 Nxe3 26. Nxf8+ Qxf8 27. Qxe3 f4 28. Qe7 Bf5 29. Qxf8 Rxf8 30. Re7 g5 31. Rxc7 Rf7 32. Rxf7 1-0


[Site "https://www.chess.com"]

[Event "Titled Tuesday Blitz February 07 Early 2023"]
[White "Gascon Del Nogal, Jose Rafael"]
[Black "McBryde, Lamel"]
[WhiteFideId "3902463"]
[BlackFideId "2058596"]
[WhiteElo "2459"]
[BlackElo "1861"]
[Result "1-0"]
[Round "04"]
[TimeControl "180+2"]
[Date "2023.02.07"]
[WhiteClock "0:00:04"]
[BlackClock "0:00:05"]

1. e4 Nf6 2. e5 Nd5 3. d4 Nb6 4. Nf3 d5 5. h3 Bf5 6. Nh4 Be6 7. f4 Qd7 8. c3 h5 9. Bd3 g6 10. O-O Bf5 11. Nxf5 gxf5 12. Bd2 e6 13. Be1 h4 14. Nd2 Be7 15. Nf3 c5 16. Rf2 c4 17. Bf1 Nc6 18. b3 O-O-O 19. a4 cxb3 20. a5 Nc4 21. a6 b6 22. Qxb3 N6a5 23. Qb1 Rdg8 24. Nd2 Rg7 25. Nxc4 Nxc4 26. Qa2 Qc6 27. Qa4 Qc7 28. Qb5 Rhg8 29. Raa2 Ne3 30. c4 dxc4 31. Bd2 Nxf1 32. Kxf1 Kb8 33. Rc2 Rc8 34. Rf3 Rg3 35. Rxg3 hxg3 36. Be1 Bh4 37. Rc3 Qc6 38. Qb4 Qe4 39. Qd6+ Rc7 40. Qf8+ Rc8 41. Qxf7 Rc7 42. Qe8+ Rc8 43. Qxe6 Qxd4 44. Qxf5 Rd8 45. Qc2 b5 46. Rf3 Kc7 47. Ba5+ Kc8 48. Bxd8 Qxd8 49. e6 Qb6 50. Qe4 Kd8 51. f5 Ke8 52. f6 Qd6 53. f7+ Kd8 54. f8=Q+ Kc7 55. Qxd6+ Kxd6 56. e7 Kc5 57. e8=Q Kb4 58. Q8e7+ Bxe7 59. Qxe7+ Ka4 60. Ra3# 1-0


[Site "https://www.chess.com"]

[Event "Titled Tuesday Blitz February 07 Early 2023"]
[White "Topalov, Aleksandar"]
[Black "Martinez Ramirez, Lennis"]
[WhiteFideId "925659"]
[BlackFideId "3509079"]
[WhiteElo "2233"]
[BlackElo "2426"]
[Result "0-1"]
[Round "04"]
[TimeControl "180+2"]
[Date "2023.02.07"]
[WhiteClock "0:00:46"]
[BlackClock "0:00:44"]

1. b3 e5 2. Bb2 Nc6 3. c4 Nf6 4. e3 d5 5. cxd5 Nxd5 6. a3 a6 7. Qc2 Be7 8. Nf3 Bf6 9. d3 O-O 10. Nbd2 Re8 11. Ne4 Be7 12. Be2 Bf8 13. O-O f6 14. Rfe1 Nce7 15. Rad1 Ng6 16. d4 f5 17. Ng3 e4 18. Ne5 c6 19. Qd2 Qh4 20. f3 Nxe5 21. dxe5 f4 22. exf4 e3 23. Qc2 Qxf4 24. Bc4 Be6 25. Bxd5 Bxd5 26. Bd4 Bxa3 27. Rxe3 c5 28. Bxc5 Rac8 29. Ne2 Qxe3+ 30. Bxe3 Rxc2 0-1


[Site "https://www.chess.com"]

[Event "Titled Tuesday Blitz February 07 Early 2023"]
[White "Panesso Rivera, Henry"]
[Black "OKEKE, Isaac Chukwudalu"]
[WhiteFideId "4402707"]
[BlackFideId "8508526"]
[WhiteElo "2342"]
[BlackElo "2155"]
[Result "1-0"]
[Round "04"]
[TimeControl "180+2"]
[Date "2023.02.07"]
[WhiteClock "0:00:12"]
[BlackClock "0:00:02"]

1. Nf3 d5 2. e3 Nf6 3. c4 c5 4. cxd5 Qxd5 5. Nc3 Qd8 6. d4 e6 7. Bd3 Be7 8. O-O O-O 9. Qe2 Nc6 10. Rd1 Qc7 11. a3 a6 12. dxc5 Bxc5 13. b4 Bd6 14. Bb2 e5 15. b5 Ne7 16. Rac1 Qb8 17. h3 Be6 18. Ng5 Bb3 19. Rd2 Rc8 20. bxa6 bxa6 21. Nxh7 Nxh7 22. Bxh7+ Kxh7 23. Qd3+ Kg8 24. Qxd6 Qxd6 25. Rxd6 a5 26. Ne4 f6 27. Rd7 Rxc1+ 28. Bxc1 Rc8 29. Bd2 Nd5 30. Bxa5 Ra8 31. Bb4 Nxb4 32. axb4 Ra1+ 33. Kh2 Ra2 34. Kg3 Bc2 35. Nd6 Rb2 36. Rb7 Bg6 37. e4 Kh7 38. f3 Rd2 39. Rb6 Rb2 40. b5 Rb3 41. Rb7 Bh5 42. b6 Kh6 43. Nf5+ Kh7 44. Rxg7+ Kh8 45. b7 1-0


[Site "https://www.chess.com"]

[Event "Titled Tuesday Blitz February 07 Early 2023"]
[White "Rudzinska, Michalina"]
[Black "tuschessCM1"]
[WhiteFideId "1172883"]
[WhiteElo "2244"]
[BlackElo "2638"]
[Result "0-1"]
[Round "04"]
[TimeControl "180+2"]
[Date "2023.02.07"]
[WhiteClock "0:00:25"]
[BlackClock "0:00:11"]

1. e4 c6 2. d4 d5 3. Nc3 dxe4 4. Nxe4 Nf6 5. Nxf6+ exf6 6. c3 Bd6 7. Bd3 O-O 8. Ne2 Re8 9. O-O Nd7 10. Bf4 Nf8 11. Bxd6 Qxd6 12. Ng3 Be6 13. f4 Bd5 14. Qg4 g6 15. f5 Re3 16. Rad1 g5 17. c4 Rxd3 18. Rxd3 Bxc4 19. Ne4 Qe7 20. Re3 Bxf1 21. Kxf1 h6 22. h4 Nh7 23. hxg5 fxg5 24. Re2 Nf6 25. Nxf6+ Qxf6 26. Qe4 Rd8 27. Rd2 Kg7 28. g4 Rd5 29. Qe3 Qd6 30. Rf2 Rxd4 31. f6+ Kh7 32. Qe8 Rd1+ 33. Kg2 Qd5+ 34. Rf3 Rd2+ 35. Kg3 Qd6+ 36. Kh3 Qh2# 0-1


[Site "https://www.chess.com"]

[Event "Titled Tuesday Blitz February 07 Early 2023"]
[White "Korchmar, Vasiliy"]
[Black "Pinheiro, Iung Alicio de O."]
[WhiteFideId "24131750"]
[BlackFideId "2104350"]
[WhiteElo "2438"]
[BlackElo "2306"]
[Result "1-0"]
[Round "04"]
[TimeControl "180+2"]
[Date "2023.02.07"]
[WhiteClock "0:00:12"]
[BlackClock "0:00:02"]

1. e4 c5 2. Nf3 Nc6 3. d4 cxd4 4. Nxd4 e5 5. Nb5 d6 6. c4 Be7 7. Bd3 Nf6 8. O-O O-O 9. Be3 Ng4 10. Bd2 Kh8 11. h3 Nh6 12. N1c3 a6 13. Na3 f5 14. Bxh6 gxh6 15. exf5 Nd4 16. Nc2 Nxf5 17. Bxf5 Bxf5 18. Ne3 Be6 19. Ncd5 Bh4 20. Rc1 Rg8 21. Kh1 Rc8 22. b3 Rc5 23. Rc2 Qd7 24. Qh5 Bg5 25. h4 Bxe3 26. Nxe3 Qg7 27. Qf3 e4 28. Qxe4 Re5 29. Qd4 Bf5 30. Rd2 Be4 31. f3 Bc6 32. Ng4 Re6 33. Rfd1 h5 34. Qxg7+ Kxg7 35. Nf2 Rd8 36. Nh3 Rf6 37. Rd4 h6 38. Nf4 Be8 39. Re1 Bf7 40. Re7 b5 41. Nxh5+ Kf8 42. Nxf6 Kxe7 43. Nd5+ Bxd5 44. Rxd5 bxc4 45. bxc4 Rc8 46. Ra5 Rxc4 47. Rxa6 Ke6 48. Ra8 Rxh4+ 49. Kg1 Rc4 50. a4 d5 51. a5 Ke5 52. a6 Kd4 53. Rh8 Ra4 54. Rxh6 Kd3 55. Kf2 d4 56. g4 Ra2+ 57. Kg3 Ke2 58. Re6+ Kd2 59. g5 d3 60. g6 Ra5 61. f4 Kc2 62. Rc6+ Kb2 63. Rd6 Kc2 64. g7 d2 65. Rxd2+ Kxd2 66. g8=Q Ra3+ 67. Kg4 Rxa6 68. Qd5+ Kc3 69. Qc5+ Kd2 70. Qb4+ Kc1 71. Qc3+ Kb1 72. Qd3+ 1-0


[Site "https://www.chess.com"]

[Event "Titled Tuesday Blitz February 07 Early 2023"]
[White "Seemann, Jakub"]
[Black "Marchesich, Giovanni"]
[WhiteFideId "21874697"]
[BlackFideId "2824790"]
[WhiteElo "2446"]
[BlackElo "2217"]
[Result "1-0"]
[Round "04"]
[TimeControl "180+2"]
[Date "2023.02.07"]
[WhiteClock "0:02:29"]
[BlackClock "0:01:55"]

1. c4 f6 2. Nc3 g6 3. g3 Nh6 4. Bg2 Nf7 5. e3 e5 6. Nge2 Bg7 7. O-O O-O 8. d4 d6 9. b3 Nc6 10. Bb2 f5 11. dxe5 Nfxe5 12. a3 a5 13. Qc2 Be6 14. Nf4 Bf7 15. Rfd1 g5 16. Nfd5 Bg6 17. Qe2 Qd7 18. Nb5 Rac8 19. f4 gxf4 20. exf4 Ng4 21. Bxg7 Kxg7 22. Qb2+ Kg8 23. h3 Nh6 24. Nf6+ Rxf6 25. Qxf6 Re8 26. Re1 Rf8 27. Bd5+ 1-0


[Site "https://www.chess.com"]

[Event "Titled Tuesday Blitz February 07 Early 2023"]
[White "Shapiro, Viktor"]
[Black "Jenkins, Drake"]
[WhiteFideId "4175700"]
[BlackFideId "2022397"]
[WhiteElo "2192"]
[BlackElo "2130"]
[Result "1-0"]
[Round "04"]
[TimeControl "180+2"]
[Date "2023.02.07"]
[WhiteClock "0:00:54"]
[BlackClock "0:00:01"]

1. c4 Nf6 2. Nc3 c5 3. g3 g6 4. Bg2 Bg7 5. Nf3 d5 6. cxd5 Nxd5 7. O-O Nc6 8. Ng5 e6 9. d3 O-O 10. Nge4 b6 11. Bg5 f6 12. Bd2 Bb7 13. a3 Qe7 14. e3 Rad8 15. Qc2 Kh8 16. h4 Ne5 17. Rfd1 Rd7 18. d4 cxd4 19. exd4 Nc4 20. Nxd5 exd5 21. Bb4 Qf7 22. Bxf8 Bxf8 23. Nc3 Kg7 24. b3 Nd6 25. h5 Nf5 26. hxg6 hxg6 27. Qd3 a6 28. b4 Bd6 29. Qf3 Bb8 30. Ne2 Rc7 31. Rac1 Rd7 32. Bh3 Qe6 33. Nf4 Qe4 34. Qg4 Re7 35. Qxg6+ 1-0


[Site "https://www.chess.com"]

[Event "Titled Tuesday Blitz February 07 Early 2023"]
[White "Czernek, Tymon"]
[Black "Cepo, Toni"]
[WhiteFideId "1199510"]
[BlackFideId "4675916"]
[WhiteElo "2314"]
[BlackElo "2145"]
[Result "0-1"]
[Round "04"]
[TimeControl "180+2"]
[Date "2023.02.07"]
[WhiteClock "0:00:31"]
[BlackClock "0:01:40"]

1. e4 e5 2. Nf3 Nf6 3. Nxe5 d6 4. Nf3 Nxe4 5. Nc3 Nxc3 6. dxc3 Be7 7. Bf4 Nd7 8. Qd2 Nc5 9. O-O-O O-O 10. Nd4 Ne6 11. Be3 Nxd4 12. cxd4 d5 13. Bd3 b6 14. Kb1 c5 15. c3 c4 16. Bc2 Be6 17. h3 b5 18. g4 a5 19. f4 f5 20. Rde1 b4 21. Bf2 bxc3 22. Qe3 Ra6 23. gxf5 Qb8 24. Qc1 Ba3 25. Rxe6 Bxb2 26. Qd1 Ba3+ 27. Bb3 cxb3 28. Qxb3 Rxe6 29. fxe6 Qxf4 30. Qxa3 Qe4+ 31. Kc1 Qxh1+ 0-1


[Site "https://www.chess.com"]

[Event "Titled Tuesday Blitz February 07 Early 2023"]
[White "Dilmukhametov, Artur"]
[Black "Chigaev, Maksim"]
[WhiteFideId "24179922"]
[BlackFideId "4108116"]
[WhiteElo "2276"]
[BlackElo "2628"]
[Result "0-1"]
[Round "04"]
[TimeControl "180+2"]
[Date "2023.02.07"]
[WhiteClock "0:00:37"]
[BlackClock "0:01:30"]

1. d4 Nf6 2. Nf3 g6 3. g3 Bg7 4. Bg2 O-O 5. O-O d6 6. c4 c5 7. Nc3 Nc6 8. d5 Na5 9. Nd2 a6 10. Qc2 b5 11. b3 b4 12. Na4 Bf5 13. Qd1 Bd7 14. Nb2 Nb7 15. Nd3 a5 16. Bb2 a4 17. Rb1 axb3 18. axb3 Ra2 19. Nc1 Rxb2 20. Rxb2 Ne4 21. Rc2 Nc3 22. Qe1 Qa5 23. Nd3 Ra8 24. Ne4 Bf5 25. Nxc3 Bxc3 26. Qb1 Bxd3 27. exd3 Qc7 28. Ra2 Ra3 29. Qc2 Qa5 30. Rxa3 bxa3 31. Qa2 Bb2 32. b4 cxb4 33. Rb1 Nc5 34. Rxb2 axb2 35. Qxb2 b3 36. d4 Qe1+ 37. Bf1 Nd3 0-1


[Site "https://www.chess.com"]

[Event "Titled Tuesday Blitz February 07 Early 2023"]
[White "Ozates, Tuna"]
[Black "Svane, Frederik"]
[WhiteFideId "6354521"]
[BlackFideId "12923044"]
[WhiteElo "2251"]
[BlackElo "2600"]
[Result "1/2-1/2"]
[Round "04"]
[TimeControl "180+2"]
[Date "2023.02.07"]
[WhiteClock "0:00:13"]
[BlackClock "0:00:04"]

1. d4 g6 2. e4 Bg7 3. Nc3 d6 4. f4 a6 5. Nf3 Nd7 6. Bd3 b5 7. Be3 Bb7 8. Qe2 e6 9. a3 Ne7 10. O-O O-O 11. Rad1 Rc8 12. e5 Nd5 13. Nxd5 Bxd5 14. c4 bxc4 15. Bxc4 Bxc4 16. Qxc4 a5 17. d5 Nb6 18. Bxb6 cxb6 19. Qb3 dxe5 20. dxe6 Qe7 21. exf7+ Qxf7 22. Qxf7+ Rxf7 23. Nxe5 Bxe5 24. fxe5 Rc2 25. b4 axb4 26. axb4 Re7 27. Rf2 Rc4 28. Re1 Rxb4 29. e6 Rd4 30. Rfe2 Kg7 31. Kf2 Kf6 32. Re3 Rd5 33. g4 h5 34. h3 hxg4 35. hxg4 b5 36. Kg3 b4 37. Rf1+ Kg5 38. Rf4 Rb5 39. Rfe4 Kf6 40. Rf3+ Kg5 41. Rfe3 Kh6 42. Rb3 Rd5 43. Rbxb4 Rd3+ 44. Kf4 Rd5 45. Rb6 g5+ 46. Ke3 Kg7 47. Rb8 Rd6 48. Rb5 Kf6 49. Rf5+ Kg6 50. Ree5 Rdxe6 51. Rxg5+ Kf6 52. Rf5+ Kg6 53. Rxe6+ Rxe6+ 54. Kf4 Ra6 55. Rb5 Ra4+ 56. Kg3 Ra3+ 57. Kh4 Ra6 58. Rc5 Rb6 59. Rg5+ Kh6 60. Rh5+ Kg6 61. Rd5 Ra6 62. Rd8 Rb6 63. Rg8+ Kh7 64. Rc8 Kg6 65. Rc1 Ra6 66. Re1 Rb6 67. Re5 Ra6 68. Rg5+ Kh7 69. Rc5 Kg6 70. Rc4 Rb6 71. Kg3 Ra6 72. Kf4 Rf6+ 73. Kg3 Rf1 74. Rc6+ Kg5 75. Rc5+ Kg6 76. Kg2 Rf4 77. Kg3 Rf1 78. Rc6+ Kg5 79. Rc5+ Kg6 1/2-1/2


[Site "https://www.chess.com"]

[Event "Titled Tuesday Blitz February 07 Early 2023"]
[White "Durarbayli, Vasif"]
[Black "Kubicka, Anna"]
[WhiteFideId "13402935"]
[BlackFideId "1152254"]
[WhiteElo "2627"]
[BlackElo "2240"]
[Result "1-0"]
[Round "04"]
[TimeControl "180+2"]
[Date "2023.02.07"]
[WhiteClock "0:00:55"]
[BlackClock "0:01:22"]

1. e4 c5 2. Nf3 d6 3. d4 cxd4 4. Nxd4 Nf6 5. Nc3 a6 6. Be2 e5 7. Nb3 Be7 8. Be3 Be6 9. O-O Nbd7 10. a4 O-O 11. Bf3 Qc7 12. a5 Rac8 13. Qd2 Qc4 14. Rfc1 Rfd8 15. h3 Nc5 16. Nxc5 dxc5 17. Qe1 Qb4 18. Ra4 Qxb2 19. Raa1 c4 20. Rcb1 Qxc2 21. Ra2 Qd3 22. Rd2 1-0


[Site "https://www.chess.com"]

[Event "Titled Tuesday Blitz February 07 Early 2023"]
[White "Murzin, Volodar"]
[Black "Hnydiuk, Aleksander"]
[WhiteFideId "44155573"]
[BlackFideId "1109057"]
[WhiteElo "2604"]
[BlackElo "2363"]
[Result "1-0"]
[Round "04"]
[TimeControl "180+2"]
[Date "2023.02.07"]
[WhiteClock "0:01:53"]
[BlackClock "0:00:37"]

1. e4 e5 2. Nf3 Nc6 3. Nc3 Nf6 4. a4 Be7 5. Bd3 O-O 6. O-O Bc5 7. Nd5 d6 8. c3 Nxd5 9. exd5 Ne7 10. b4 f5 11. Bc4 b5 12. Ba2 e4 13. Ng5 Bb6 14. a5 Ng6 15. Qh5 h6 16. Qxg6 Qxg5 17. Qxg5 hxg5 18. axb6 axb6 19. Bb2 1-0


[Site "https://www.chess.com"]

[Event "Titled Tuesday Blitz February 07 Early 2023"]
[White "Cherniaiev, Tykhon"]
[Black "Moksh Amit Doshi"]
[WhiteFideId "14182360"]
[BlackFideId "25064967"]
[WhiteElo "2330"]
[BlackElo "2401"]
[Result "0-1"]
[Round "04"]
[TimeControl "180+2"]
[Date "2023.02.07"]
[WhiteClock "0:00:02"]
[BlackClock "0:01:08"]

1. Nf3 d5 2. d4 Nf6 3. c4 e6 4. g3 Bb4+ 5. Bd2 a5 6. Qc2 O-O 7. Bg2 c5 8. cxd5 cxd4 9. Bxb4 axb4 10. Nxd4 exd5 11. O-O Qb6 12. e3 Nc6 13. Nxc6 bxc6 14. Nd2 h5 15. Rfc1 Bd7 16. Nf3 Rfe8 17. a3 bxa3 18. Rxa3 Rxa3 19. bxa3 Ne4 20. Rb1 Qa7 21. Qb3 Bg4 22. h3 Bxf3 23. Bxf3 Nd2 24. Qd1 Nxb1 25. Qxb1 Qxa3 26. Bxh5 Qd6 27. Qb7 g6 28. Bg4 c5 29. Bf3 d4 30. exd4 cxd4 31. Bd5 Re7 32. Qc8+ Kg7 33. Bf3 d3 34. Qc3+ Kh7 35. Qd2 Rc7 36. Be4 Rd7 37. Kg2 Qd4 38. Bf3 Rc7 39. h4 Rc2 40. Qe1 Kg7 41. h5 d2 42. h6+ Kxh6 43. Qe7 Kg7 44. Qe2 d1=Q 45. Qxd1 Qxf2+ 46. Kh3 Qh2+ 47. Kg4 Qh5+ 48. Kf4 Qf5+ 49. Ke3 Rc3+ 50. Kf2 Qc2+ 51. Qxc2 Rxc2+ 52. Ke3 Kf6 53. Kf4 Rc4+ 54. Ke3 Ke5 55. Be2 Rc3+ 56. Kf2 f5 57. Bb5 g5 58. Ba6 f4 59. gxf4+ Kxf4 60. Kg2 g4 61. Kf2 Rc2+ 62. Kg1 g3 0-1


[Site "https://www.chess.com"]

[Event "Titled Tuesday Blitz February 07 Early 2023"]
[White "Nguyen, Quoc Hy"]
[Black "Dushyant Sharma"]
[WhiteFideId "12410853"]
[BlackFideId "25065130"]
[WhiteElo "2352"]
[BlackElo "2355"]
[Result "1-0"]
[Round "04"]
[TimeControl "180+2"]
[Date "2023.02.07"]
[WhiteClock "0:02:10"]
[BlackClock "0:00:13"]

1. e4 e5 2. Nf3 Nc6 3. Bc4 Bc5 4. O-O Nf6 5. Re1 O-O 6. Nc3 d6 7. d3 Be6 8. Bg5 h6 9. Bh4 Bxc4 10. dxc4 Ne7 11. Bxf6 gxf6 12. Nh4 Ng6 13. Nf5 Nf4 14. Qg4+ 1-0


[Site "https://www.chess.com"]

[Event "Titled Tuesday Blitz February 07 Early 2023"]
[White "Matinian, Nikita"]
[Black "Malka, Samuel"]
[WhiteFideId "24129100"]
[BlackFideId "20643675"]
[WhiteElo "2407"]
[BlackElo "2165"]
[Result "1-0"]
[Round "04"]
[TimeControl "180+2"]
[Date "2023.02.07"]
[WhiteClock "0:00:25"]
[BlackClock "0:00:24"]

1. e4 e5 2. Nf3 Nc6 3. Nc3 Nf6 4. g3 d5 5. exd5 Nxd5 6. Bg2 Nxc3 7. bxc3 Be7 8. Qe2 Qd6 9. O-O O-O 10. Re1 Bg4 11. h3 Bxf3 12. Bxf3 Bf6 13. Rb1 Rab8 14. Rb5 Rfe8 15. Bg2 a6 16. Rd5 Qf8 17. Rd7 Nd8 18. d4 Re6 19. d5 Re8 20. c4 Qc5 21. Be3 Qa3 22. c5 b6 23. c6 Be7 24. Rxc7 Bd6 25. Rd7 Rc8 26. Bxb6 f6 27. Qg4 g6 28. Rxd6 Nf7 29. Rxf6 Qb4 30. Qxb4 1-0


[Site "https://www.chess.com"]